 Dungeon Crawl Stone Soup version 0.26.1-11-gd32895ea62 (webtiles) character file.

Game seed: 7277117336359497331

469 bnorton916 the Conjurer (level 6, -8/32 HPs)
             Began as a Deep Elf Conjurer on July 10, 2021.
             Killed from afar by an orc wizard (11 damage)
             ... with a puff of frost
             ... on level 5 of the Dungeon.
             The game lasted 00:07:06 (4878 turns).

bnorton916 the Conjurer (Deep Elf Conjurer)         Turns: 4878, Time: 00:07:06

Health: -8/32      AC:  3    Str:  4    XL:     6   Next: 82%
Magic:  3/17       EV: 13    Int: 25    God:
Gold:   167        SH:  0    Dex: 13    Spells: 3/17 levels left

rFire    + . .     SeeInvis .   (no weapon)
rCold    . . .     Faith    .   (no shield)
rNeg     . . .     Spirit   .   a - +0 robe
rPois    .         Reflect  .   (no helmet)
rElec    .         Harm     .   t - +0 cloak {Stlth+}
rCorr    .         Rampage  .   (no gloves)
Will     .....                  (no boots)
Stlth    ++........             (no amulet)
HPRegen  0.10/turn              s - ring of protection from fire
MPRegen  0.15/turn              (no ring)

@: no status effects
A: no striking features
a: no special abilities


You were on level 5 of the Dungeon.
You visited 1 branch of the dungeon, and saw 5 of its levels.

You collected 167 gold pieces.

Inventory:

Hand Weapons
 i - a +2 dagger of speed
 u - a +4 quarterstaff of chaos
 x - a +0 dagger of draining
Armour
 a - a +0 robe (worn)
 t - a +0 cloak of stealth (worn)
Jewellery
 e - an uncursed ring of flight {unknown}
 g - an uncursed ring of positive energy {unknown}
 s - a ring of protection from fire (left hand)
Wands
 l - a wand of digging (3)
 B - a wand of random effects (11)
Scrolls
 d - a scroll of enchant weapon
 j - a scroll of fog {unknown}
 p - a scroll of noise {unknown}
 q - a scroll of immolation {unknown}
 v - 2 scrolls of remove curse
 w - a scroll of random uselessness
 y - a scroll of identify
 C - a scroll of amnesia {unknown}
 D - a scroll of teleportation {unknown}
Potions
 b - 2 potions of curing {unknown}
 c - 2 potions of brilliance
 f - 3 potions of mutation {unknown}
 h - a potion of degeneration {unknown}
 k - a potion of heal wounds {unknown}
 m - a potion of flight {unknown}
 n - 3 potions of berserk rage
 o - a potion of attraction {unknown}
 r - 3 potions of haste {unknown}
 z - 2 potions of resistance {unknown}
 A - a potion of lignification {unknown}


   Skills:
 - Level 2.4 Dodging
 - Level 2.4 Stealth
 + Level 6.3 Spellcasting
 + Level 6.4 Conjurations
 + Level 4.1 Hexes
 + Level 1.4 Translocations


You had 3 spell levels left.
You knew the following spells:

 Your Spells              Type           Power        Failure   Level
a - Magic Dart            Conj           100%         1%          1
b - Searing Ray           Conj           80%          1%          2
c - Dazzling Flash        Conj/Hex       68%          2%          3
d - Fulminant Prism       Conj/Hex       17%          9%          4
e - Iskenderun's Mystic   Conj/Tloc      27%          14%         4

Your spell library contained the following spells:

 Spells                   Type           Power        Failure   Level


Dungeon Overview and Level Annotations

Branches:
Dungeon (5/15)
 Temple: D:4-7

Altars:
Ashenzari
Nemelex Xobeh
Ru
Trog
Wu Jian
Xom

Annotations:
D:4 2 transporters, 0gre's ghost, amateur GnIE


Message History

Press: ? - help, Shift-Dir - straight line, f/p - orc wizard
Aim: an orc wizard, wielding a +0 dagger, wearing a +0 robe and carrying a wand of disintegration (13) (moderately wounded, 0% to evade)
The magic dart hits the orc wizard.
The orc wizard is heavily wounded.
The orc wizard points at you and mumbles some strange words.
The magic dart hits you!
* * * LOW HITPOINT WARNING * * *
Casting: Magic Dart (safe; 1% risk of failure)
Confirm with . or Enter, or press ? or * to list all spells.
Aiming: Magic Dart (safe; 1% risk of failure)
Press: ? - help, Shift-Dir - straight line, f/p - orc wizard
Aim: an orc wizard, wielding a +0 dagger, wearing a +0 robe and carrying a wand of disintegration (13) (heavily wounded, 0% to evade)
The magic dart hits the orc wizard.
The orc wizard is severely wounded.
Casting: Magic Dart (safe; 1% risk of failure)
Confirm with . or Enter, or press ? or * to list all spells.
The orc wizard is dazzled.
The orc wizard gestures at you while chanting.
The puff of frost hits you!
You die...

....##...[...........
....
.............####(...
..... ...........#
##### .....
#.#.......## ...).####
#..........# #####
........#
#..o...†<.###....
.....#.##
#..#.####..#.....
#....###).#.# ##.......
#....#@..#)### ##......
#....))..)...####......
#......##.)#...........
#.....###..######......
#.....# #..# #......
#....## ##.# #......
#....# #.# #......
#....# #.# #......
#....# ### #......


You could see an orc wizard (blind).

Vanquished Creatures
  An ogre (D:4)
  Crazy Yiuf (D:2)
  2 orc wizards
  An orc priest (D:5)
  Jessica (D:2)
  3 worker ants (D:4)
  6 adders
  A howler monkey skeleton (D:4)
  A worm (D:2)
  A dart slug (D:1)
  4 leopard geckos
  17 orcs
  A giant cockroach (D:2)
  4 goblins
  13 hobgoblins
  7 jackals (D:3)
  3 quokkas
  A ball python skeleton (D:4)
  8 bats
  3 frilled lizards
  4 kobolds
  9 rats
92 creatures vanquished.

Notes
Turn   | Place    | Note
-------+----------+-------------------------------------------
     0 | D:1      | bnorton916 the Deep Elf Conjurer began the quest for the
                  | Orb.
     0 | D:1      | Reached XP level 1. HP: 10/10 MP: 6/6
   145 | D:1      | Reached XP level 2. HP: 9/15 MP: 5/8
   315 | D:1      | Learned a level 2 spell: Searing Ray
   356 | D:1      | Found a sparkling altar of Nemelex Xobeh.
   825 | D:2      | Noticed Jessica
   829 | D:2      | Killed Jessica
   830 | D:2      | Reached skill level 5 in Conjurations
   830 | D:2      | Reached XP level 3. HP: 16/19 MP: 4/10
   919 | D:2      | Found a shimmering altar of Xom.
   979 | D:2      | Learned a level 3 spell: Dazzling Flash
  1144 | D:2      | Reached XP level 4. HP: 24/24 MP: 9/12
  1519 | D:2      | Found a runed translucent door.
  1520 | D:2      | Noticed Crazy Yiuf
  1568 | D:2      | Killed Crazy Yiuf
  1569 | D:2      | Reached skill level 1 in Hexes
  2021 | D:3      | Reached skill level 5 in Spellcasting
  2512 | D:3      | Found a bloodstained altar of Trog.
  2533 | D:3      | Reached XP level 5. HP: 28/28 MP: 6/14
  3279 | D:4      | Found a transporter.
  3282 | D:4      | Noticed 0gre's ghost (amateur GnIE)
  3603 | D:4      | Found a transporter.
  3773 | D:4      | Noticed an ogre
  3778 | D:4      | Killed an ogre
  3779 | D:4      | Reached XP level 6. HP: 32/32 MP: 11/17
  3784 | D:4      | Learned a level 4 spell: Fulminant Prism
  3789 | D:4      | Learned a level 4 spell: Iskenderun's Mystic Blast
  3846 | D:4      | Found a sacrificial altar of Ru.
  3852 | D:4      | Found an ornate altar of the Wu Jian Council.
  3857 | D:4      | Found a broken altar of Ashenzari.
  4080 | D:4      | Reached skill level 1 in Translocations
  4569 | D:5      | Entered Level 5 of the Dungeon
  4878 | D:5      | Killed from afar by an orc wizard

Illustrated notes

Levels and vault maps discovered:
D:1:      dpeg_arrival_rooms_b, layout_rooms, nemelex_diamond_rough_becter
D:2:      minmay_alternating_diamond, layout_basic, old_standard_altar,
          uniq_jessica, uniq_crazy_yiuf_cottage
D:3:      layout_loops_ring, trog_butcher_becter
D:4:      layout_cave_pools, minmay_overflow_temple_star_quad,
          gammafunk_ghost_stat_death
D:5:      layout_rooms, nicolae_dithmenos_the_darkroom, kennysheep_mini_moat,
          uniq_eustachio

Skill      XL: |  1  2  3  4  5  6 |
---------------+-------------------+-----
Spellcasting   | 4 5 6 |  6.3
Conjurations   | 5 6 |  6.4
Hexes          | 1 3 4 |  4.1
Translocations | 1 |  1.4
Dodging        | |  2.4
Stealth        | |  2.4

Action                   |  1- 3 |  4- 6 || total
-------------------------+-------+-------++-------
 Cast: Magic Dart        |    52 |   107 ||   159
       Searing Ray       |       |    12 ||    12
       Dazzling Flash    |       |     1 ||     1
  Use: Scroll            |       |     5 ||     5
Armor: Robe              |     1 |     6 ||     7
Dodge: Dodged            |     1 |    24 ||    25
